AoeStats
← mtcossack

Fortress

509726330Analyzed
2v2 RM · 4d ago on Sep 27, 2026· 42m 9s· 4 players
Game mode
Random Map
Map size
Normal (6 player)
Population
200
Speed
Normal
Resources
Standard
Victory
Conquest
Starting age
Dark Age
Ending age
Imperial Age
RankedLock teamsTeams togetherTeam positionsShared explorationLock speedFull tech treeHidden civsTurbo modeCheats
Victory
Defeat
🇧🇷 Goths · Brazil
768
+15
🇩🇪 Malians · Germany
758
+15
🇺🇸 Burgundians · United States
747
-15
🇺🇸 Celts · United States
731
-15
mtcossack
6:40 Feudal Age
5:51 Double-Bit Axe
5:49 Horse Collar
6:02 Gold Mining
8:06 Bow Saw
8:31 Heavy Plow
14:23 Castle Age
13:44 Forging
14:37 Wheelbarrow
14:31 Scale Barding Armor
17:05 Hand Cart
17:25 Burgundian Vineyards
17:28 Town Watch
18:49 Gold Shaft Mining
20:09 Crop Rotation
20:43 Two-Man Saw
19:40 Stone Mining
20:20 Chain Barding Armor
20:43 Loom
21:03 Town Patrol
20:51 Cavalier
22:32 Iron Casting
22:02 Husbandry
22:53 Fletching
26:01 Stone Shaft Mining
25:23 Bodkin Arrow
25:00 Elite Skirmisher
27:36 Padded Archer Armor
30:21 Imperial Age
31:14 Bracer
32:35 Conscription
33:24 Chemistry
32:51 Leather Archer Armor
33:41 Plate Barding Armor
32:32 Paladin
35:33 Hoardings
36:02 Blast Furnace
35:25 Ballistics
34:48 Treadmill Crane
JOE.GOAT
8:33 Feudal Age
13:22 Castle Age
11:21 Double-Bit Axe
11:29 Horse Collar
13:24 Stone Mining
15:28 Bow Saw
15:24 Heavy Plow
15:27 Loom
18:16 Wheelbarrow
20:19 Stone Shaft Mining
19:36 Gold Mining
20:04 Hand Cart
21:39 Ballistics
21:19 Town Watch
21:36 Stronghold
24:12 Town Patrol
28:23 Imperial Age
27:16 Elite Skirmisher
27:52 Fletching
28:06 Padded Archer Armor
30:03 Bodkin Arrow
30:24 Leather Archer Armor
30:29 Furor Celtica
31:31 Chemistry
30:26 Guard Tower
31:03 Caravan
38:46 Heavy Mounted Crossbowman
Obvio
4:01 Loom
10:25 Feudal Age
14:04 Castle Age
12:22 Horse Collar
14:13 Double-Bit Axe
15:32 Wheelbarrow
25:21 Imperial Age
25:06 Murder Holes
25:33 Gold Mining
26:03 Bow Saw
28:24 Perfusion
32:56 Chemistry
32:05 Anarchy
32:45 Squires
32:59 Forging
33:28 Elite Huskarl
35:25 Pikeman
36:49 Iron Casting
35:59 Halberdier
vikovski
5:08 Loom
7:00 Feudal Age
7:39 Horse Collar
12:01 Castle Age
10:57 Double-Bit Axe
18:45 Fervor
18:46 Squires
21:04 Wheelbarrow
23:07 Gold Mining
26:29 Imperial Age
24:48 Forging
26:10 Iron Casting
25:27 Arson
27:02 Husbandry
27:26 Heavy Plow
29:22 Elite Gbeto
30:08 Scale Mail Armor
29:47 Cavalier
30:38 Bloodlines
31:40 Chain Mail Armor
33:09 Plate Mail Armor
32:31 Fletching
33:32 Conscription
33:35 Farimba
34:00 Scale Barding Armor
35:22 Hand Cart
34:53 Town Watch
36:14 Chain Barding Armor
Connection lost

Rejoining the realm…

Still unreachable

The connection could not be restored.

Session expired

The server has moved on; the page needs a fresh start.